Description

6:10 timing attack. Move out at 6:10 exactly.

Build Order

Get SALT Encoding   

  14  0:18  Supply Depot  
  16  0:40  Barracks  Reaper, Marine, Reactor, Constant Marines
  16  0:42  Refinery  
  19  1:27  Orbital Command  
  20  1:42  Command Center  
  21  1:50  Supply Depot  
  23  2:02  Factory  Widow Mine X2, Tech Lab
  23  2:17  Bunker  SCV building depot builds bunker
  24  2:21  Refinery  2nd gas
  24  2:26  Barracks Reactor  
  26  2:51  Starport  Medivac, swap to factory tech lab, raven, swap to build reactor medivacs
  26  2:53  Orbital Command  
  39  3:28  Supply Depot  SCV building Starport is now on constant depot production
  39  3:30  Barracks  2nd barracks, swap to factory tech lab, constant marauder production
  43  3:43  Factory Tech Lab  for starport
  47  4:00  Barracks  3rd rax, swap to starport tech lab, constant marauder production
  51  4:10  Refinery, Engineering Bay  +1 attack when done, 3rd gas
  54  4:20  Factory Tech Lab  for 3rd barracks
  59  4:40  Terran Infantry Weapons Level 1  
  63  4:50  Stimpack  
  68  5:00  Refinery  4th gas
  69  5:05  Starport Reactor, Factory Reactor  medivacs, mines
  76  5:20  Combat Shield  
Spawning Tool Build Advisor. Get it on Overwolf

Go to:

Details

  • Created by: TruthaTerran
  • Published on: Jan 26, 2020
  • Modified on: Jan 26, 2020
  • Patch: 4.11.0
Show
View Real Time Build Order
Export as new Build Order

Comments (0)

There are no comments. Be the first!

Create an account to comment!